 Dungeon Crawl Stone Soup version 0.22-a0-580-gd5db89c (webtiles) character file.

24095 Lianjan the Black Sun (level 12, -5/88 HPs)
             Began as a Demonspawn Earth Elementalist on July 2, 2018.
             Was a High Priest of Kikubaaqudgha.
             Slain by a death yak (15 damage)
             ... led by a torpor snail
             ... on level 4 of the Lair of Beasts.
             The game lasted 00:51:13 (17806 turns).

Lianjan the Black Sun (DsEE)                       Turns: 17806, Time: 00:51:13

Health: -5/88      AC: 13    Str: 15    XL:     12   Next: 77%
Magic:  22/26      EV: 15    Int: 20    God:    Kikubaaqudgha [*****.]
Gold:   602        SH:  0    Dex: 14    Spells: 4/31 levels left

rFire    + . .     SeeInvis .   a - +1 short sword (elec)
rCold    + . .     Gourm    .   (no shield)
rNeg     + . .     Faith    .   A - +2 robe {rN+}
rPois    +         Spirit   .   p - +0 helmet
rElec    +         Reflect  .   l - +1 cloak
rCorr    .         Harm     .   i - +0 pair of gloves
MR       .....                  u - +0 pair of boots
Stlth    ++........             w - amulet of magic regeneration
HPRegen  0.24/turn              C - ring of Firphasa {+Fly rPois rC+}
MPRegen  0.45/turn              z - ring of protection from fire

@: mighty
A: talons 2, thin metallic scales 3, powered by pain 1
a: Receive Corpses, Torment, Renounce Religion, Evoke Flight


You were on level 4 of the Lair of Beasts.
You worshipped Kikubaaqudgha.
Kikubaaqudgha was extremely pleased with you.
You were not hungry.

You visited 3 branches of the dungeon, and saw 17 of its levels.

You collected 1137 gold pieces.
You spent 535 gold pieces at shops.

Inventory:

Hand Weapons
 a - a +1 short sword of electrocution (weapon)
 b - a +1 hunting sling of freezing
 N - a +4 blowgun
Missiles
 f - 181 stones (quivered)
 v - 103 sling bullets
 B - 17 curare-tipped needles
 H - 2 needles of confusion
Armour
 i - a +0 pair of gloves (worn)
 l - a +1 cloak (worn)
 p - a +0 helmet (worn)
 u - a +0 pair of boots (worn)
 A - a +2 robe of positive energy (worn)
Jewellery
 w - an amulet of magic regeneration (around neck)
 z - a ring of protection from fire (right hand)
 C - the ring of Firphasa (left hand) {+Fly rPois rC+}
   (You bought it in a shop on level 5 of the Dungeon)

   [ring of flight]

   It protects you from cold.
   It protects you from poison.
   It lets you fly.
 M - an uncursed ring of resist corrosion
 S - an uncursed amulet of rage {unknown}
 T - a +3 amulet of reflection {unknown}
Wands
 j - a wand of clouds (6)
 y - a wand of random effects (68)
 E - a wand of paralysis (30)
 G - a wand of iceblast (6)
 J - a wand of scattershot (7)
Scrolls
 m - 5 scrolls of teleportation
 s - 2 scrolls of immolation
 t - 3 scrolls of enchant armour
 x - 2 scrolls of fear
 D - a scroll of magic mapping
 K - 2 scrolls of enchant weapon
 R - a scroll of remove curse
Potions
 e - 2 potions of haste
 g - 3 potions of ambrosia
 h - a potion of mutation
 k - 7 potions of curing
 n - 7 potions of degeneration
 o - 2 potions of resistance
 q - a potion of magic {unknown}
 r - a potion of flight
 F - 2 potions of invisibility
 I - 2 potions of lignification
 L - a potion of cancellation {unknown}
 O - 3 potions of brilliance
 P - a potion of berserk rage {unknown}
 Q - a potion of agility
Comestibles
 c - 3 chunks of flesh
 d - 23 rations


   Skills:
 + Level 6.0 Fighting
 - Level 5.0 Dodging
 - Level 2.0 Stealth
 + Level 10.4 Spellcasting
 + Level 5.7 Conjurations
 + Level 11.8 Necromancy
 - Level 0.8 Transmutations
 - Level 11.0 Earth Magic


You had 4 spell levels left.
You knew the following spells:

 Your Spells              Type           Power        Failure   Level  Hunger
a - Sandblast             Erth           ######       1%          1    None
b - Stone Arrow           Conj/Erth      #####.       1%          3    None
c - Sublimation of Blood  Necr           ######....   1%          2    None
d - Animate Skeleton      Necr           N/A          1%          1    None
e - Vampiric Draining     Necr           ######....   1%          3    None
f - Lee's Rapid Deconstr  Erth           ######....   1%          5    ####...
g - Petrify               Tmut/Erth      ####....     6%          4    ##.....
h - Agony                 Necr           ######..     1%          5    ####...
i - Regeneration          Chrm/Necr      ####......   1%          3    None

Your spell library contained the following spells:

 Spells                   Type           Power        Failure   Level  Hunger
 Bolt of Magma            Conj/Fire/Erth ####......   19%         5    ####...
 Venom Bolt               Conj/Pois      ###.......   50%         5    ####...
 Pain                     Necr           ####         1%          1    None
 Dispel Undead            Necr           ######..     1%          5    ####...
 Iron Shot                Conj/Erth      #####.....   32%         6    ######.
 Death Channel            Necr           ######....   8%          6    ######.
 Passwall                 Tmut/Erth      ####....     1%          2    None
 Simulacrum               Ice/Necr       ####......   65%         6    ######.
 Excruciating Wounds      Chrm/Necr      ####......   16%         5    ####...
 Orb of Destruction       Conj           ####......   99%         7    #######
 Shroud of Golubria       Chrm/Tloc      ##........   10%         2    None
 Iskenderun's Battlesphe  Conj/Chrm      ###.....     50%         5    ####...
 Infusion                 Chrm           ##..         7%          1    None
 Song of Slaying          Chrm           ##......     10%         2    None
 Spectral Weapon          Hex/Chrm       ##......     21%         3    None
 Spellforged Servitor     Conj/Summ      ###.......   100%        7    #######


Dungeon Overview and Level Annotations

Branches:
Dungeon (12/15)            Temple (1/1) D:5            Lair (4/6) D:11
  Swamp (0/4) Lair:2        Snake (0/4) Lair:4          Orc (0/2) D:9

Altars:
Elyvilon
Fedhas
Gozag
Hepliaklqana
Kikubaaqudgha
Makhleb
Nemelex Xobeh
Okawaru
Qazlal
Ru
Sif Muna
Vehumet
Wu Jian
Xom
Yredelemnul
The Shining One

Shops:
D:5 =   D:6 [   D:7 %   D:9 ?


Innate Abilities, Weirdness & Mutations

You have razor-sharp toenails.
You are completely covered in thin metallic scales. (AC +4, rElec)
You sometimes gain a little power by taking damage.


Message History

* * * LOW HITPOINT WARNING * * *
You focus on the pain.
You feel very mighty all of a sudden.
Casting: Vampiric Draining (safe; 1% risk of failure)
Confirm with . or Enter, or press ? or * to list all spells.
Aiming: Vampiric Draining (safe; 1% risk of failure)
Press: ? - help, Shift-Dir - straight line, f/p - death yak
Aim: a death yak (severely wounded)
The death yak is severely wounded.
You feel life coursing into your body. The death yak gores you!!
* * * LOW HITPOINT WARNING * * *
You focus on the pain.
You feel your power returning.
You see here 15 poisoned needles.
The death yak gores you.
* * * LOW HITPOINT WARNING * * *
You hit the plant. Lightning courses through the plant!
The plant is moderately damaged.
The death yak gores you!
You die...
Kikubaaqudgha rasps: "You have failed me!
Welcome... death!"

##...# #....#
###>P## ## #...##
#.### #...# #...##
##...# #.....
#####...##
#.....##.##P..####
.........Y@......#
..#P.....###....#
###..#.# ##.#...#
##...### #.#..# #
#...## ##... . #
##.## ## .#..
##?.# ##....
###...# #.....#
#..(.##
#########.....##


You could see a death yak.

Vanquished Creatures
  A hydra (Lair:4)
  Erolcha (D:11)
  A two-headed ogre (D:8)
  Sonja (Lair:1)
  Joseph (D:7)
  A black mamba (Lair:3)
  3 spiny frogs
  A rime drake (Lair:3)
  A komodo dragon (Lair:4)
  3 kobold demonologists (D:11)
  4 trolls
  A polar bear (Lair:3)
  5 hippogriffs
  A blink frog (Lair:3)
  3 bog bodies (Lair:2)
  Sigmund (D:7)
  A wraith (D:9)
  A water elemental (D:10)
  A human (D:8)
  30 yaks
  4 vampire mosquitoes (D:11)
  A hungry ghost (D:9)
  Edmund (D:7)
  A two-headed ogre zombie (D:9)
  3 nagas (Lair:4)
  5 water moccasins
  An acid dragon (D:11)
  2 swamp worms (Lair:2)
  8 porcupines
  5 orc warriors
  2 ice beasts
  2 sky beasts (D:7)
  A black bear (D:9)
  5 phantoms
  2 centaurs
  8 ogres
  12 wolves
  2 crocodiles
  A big kobold (D:10)
  A wyvern zombie (D:11)
  11 bullfrogs
  A water moccasin skeleton (D:8)
  3 scorpions
  12 killer bees
  3 troll zombies (D:9)
  4 wights (D:6)
  2 howler monkeys (D:9)
  4 electric eels
  5 crimson imps
  A quasit (D:11)
  2 centaur skeletons
  8 orc wizards
  8 hounds
  10 orc priests
  A jelly (D:4)
  A bullfrog skeleton (D:8)
  8 worker ants
  4 ogre zombies (D:9)
  A hound skeleton (D:4)
  A worker ant zombie (D:6)
  7 gnolls (D:6)
  8 adders
  4 shadow imps
  An ooze (D:4)
  2 adder zombies
  An adder skeleton (D:6)
  A worm (D:2)
  6 leopard geckos
  27 orcs
  7 giant cockroaches
  8 goblins
  3 hobgoblins
  10 jackals
  7 quokkas
  5 bats
  3 frilled lizards
  A goblin skeleton (D:9)
  A goblin zombie (D:9)
  A hobgoblin skeleton (D:9)
  3 hobgoblin zombies (D:9)
  6 kobolds
  A leopard gecko skeleton (D:4)
  3 orc skeletons (D:9)
  14 orc zombies
  6 rats
  A fungus (D:9)
356 creatures vanquished.

Vanquished Creatures (collateral kills)
  A spiny frog (Lair:3)
  A komodo dragon (Lair:2)
  A blink frog (Lair:3)
  A hippogriff (Lair:1)
  A basilisk (Lair:3)
  A naga (Lair:4)
  A water moccasin (Lair:2)
  2 porcupines (Lair:2)
  An ice beast (D:11)
  A black bear (D:11)
  A crocodile (Lair:2)
  A bullfrog (Lair:1)
  5 wights (D:11)
  A bullfrog zombie (D:6)
  A hound (Lair:2)
  A hound zombie (D:11)
  2 orcs (D:6)
  A goblin skeleton (D:9)
  A hobgoblin zombie (D:9)
  A leopard gecko zombie (D:8)
  2 fungi (Lair:2)
  2 plants (Lair:2)
30 creatures vanquished.

Vanquished Creatures (others)
  2 orcs (D:5)
  5 fungi
  3 plants
10 creatures vanquished.

Grand Total: 396 creatures vanquished

Notes
Turn   | Place    | Note
-------+----------+-------------------------------------------
     0 | D:1      | Lianjan the Demonspawn Earth Elementalist began the quest for the Orb.
     0 | D:1      | Reached XP level 1. HP: 13/13 MP: 3/3
   560 | D:1      | Gained mutation: You have sharp toenails. [demonic ancestry]
   560 | D:1      | Reached XP level 2. HP: 15/19 MP: 5/5
  1524 | D:2      | Gained mutation: You are partially covered in thin metallic scales. (AC +2) [demonic ancestry]
  1524 | D:2      | Reached XP level 3. HP: 24/24 MP: 4/6
  2185 | D:2      | Learned a level 3 spell: Stone Arrow
  2434 | D:3      | Found an iron altar of Okawaru.
  2602 | D:3      | Noticed a bullfrog
  2606 | D:3      | Killed a bullfrog
  2606 | D:3      | Reached skill level 1 in Conjurations
  2606 | D:3      | Reached XP level 4. HP: 15/30 MP: 3/7
  3738 | D:4      | Noticed an ice beast
  3747 | D:4      | Reached XP level 5. HP: 27/35 MP: 4/8
  4392 | D:4      | Reached skill level 5 in Earth Magic
  4392 | D:4      | Gained mutation: You are mostly covered in thin metallic scales. (AC +3) [demonic ancestry]
  4392 | D:4      | Reached XP level 6. HP: 33/41 MP: 9/9
  4611 | D:4      | Killed an ice beast
  4737 | D:4      | Gained mutation: You have razor-sharp toenails. [demonic ancestry]
  4737 | D:4      | Reached XP level 7. HP: 46/46 MP: 10/10
  5327 | D:5      | Entered Level 5 of the Dungeon
  5435 | D:5      | Found Qiptalipn's Jewellery Emporium.
  5454 | D:5      | Reached skill level 5 in Conjurations
  5738 | D:5      | Found a staircase to the Ecumenical Temple.
  5747 | Temple   | Entered the Ecumenical Temple
  5843 | Temple   | Became a worshipper of Kikubaaqudgha
  6105 | D:5      | Found a radiant altar of Vehumet.
  6213 | D:5      | Found a sacrificial altar of Ru.
  6219 | D:5      | Gained mutation: You are completely covered in thin metallic scales. (AC +4, rElec) [demonic ancestry]
  6219 | D:5      | Reached XP level 8. HP: 28/52 MP: 11/11
  6517 | D:6      | Reached skill level 1 in Fighting
  6517 | D:6      | Reached skill level 1 in Necromancy
  6699 | D:6      | Found Tifotz's Armour Shoppe.
  6715 | D:6      | You fall through a shaft for 2 floors!
  7006 | D:7      | Noticed Joseph
  7013 | D:7      | Killed Joseph
  7137 | D:7      | Found Atipus's Food Shop.
  7258 | D:6      | Gained mutation: You sometimes gain a little power by taking damage. [demonic ancestry]
  7258 | D:6      | Reached XP level 9. HP: 38/64 MP: 13/14
  7611 | D:6      | Reached * piety under Kikubaaqudgha
  7611 | D:6      | Identified Kikubaaqudgha's Grimoire of Unholy Rituals (Kikubaaqudgha gifted it to you on level 6 of the Dungeon)
  7611 | D:6      | Received a gift from Kikubaaqudgha
  7618 | D:6      | Learned a level 1 spell: Animate Skeleton
  7621 | D:6      | Learned a level 2 spell: Sublimation of Blood
  7625 | D:6      | Learned a level 3 spell: Vampiric Draining
  7631 | D:6      | Learned a level 5 spell: Lee's Rapid Deconstruction
  7695 | D:6      | Found a shimmering altar of Xom.
  8334 | D:7      | Noticed Edmund
  8344 | D:7      | Killed Edmund
  8421 | D:7      | Found an iron altar of Okawaru.
  8662 | D:7      | Noticed Sigmund
  8675 | D:7      | Killed Sigmund
  8675 | D:7      | Reached skill level 5 in Necromancy
  8768 | D:7      | Reached skill level 5 in Spellcasting
  8771 | D:7      | Reached skill level 5 in Fighting
  9079 | D:8      | Reached ** piety under Kikubaaqudgha
  9278 | D:8      | Noticed a two-headed ogre
  9290 | D:8      | Killed a two-headed ogre
  9290 | D:8      | Reached XP level 10. HP: 27/74 MP: 13/18
  9297 | D:8      | Learned a level 4 spell: Petrify
 10664 | D:9      | Reached *** piety under Kikubaaqudgha
 10664 | D:9      | Identified Kikubaaqudgha's Tome of Evil Secrets (Kikubaaqudgha gifted it to you on level 9 of the Dungeon)
 10664 | D:9      | Received a gift from Kikubaaqudgha
 10749 | D:9      | Found a staircase to the Orcish Mines.
 10853 | D:9      | Reached skill level 10 in Earth Magic
 10875 | D:9      | Found a blossoming altar of Fedhas.
 11287 | D:9      | Found an ornate altar of the Wu Jian Council.
 11287 | D:9      | Found a hazy altar of Hepliaklqana.
 11320 | D:9      | Found Batopsun's Magic Scroll Shop.
 11534 | D:10     | Entered Level 10 of the Dungeon
 12010 | D:10     | Reached XP level 11. HP: 78/79 MP: 20/22
 12247 | D:11     | Reached **** piety under Kikubaaqudgha
 12478 | D:11     | Noticed Erolcha
 12488 | D:11     | Killed Erolcha
 12603 | D:11     | Found a basalt altar of Yredelemnul.
 12649 | D:11     | Found a staircase to the Lair.
 12669 | D:11     | Noticed a sun demon
 12737 | D:11     | Learned a level 5 spell: Agony
 13436 | D:5      | Bought the ring of Firphasa {+Fly rPois rC+} for 535 gold pieces
 13582 | Lair:1   | Entered Level 1 of the Lair of Beasts
 13659 | D:11     | Reached skill level 5 in Dodging
 14071 | Lair:1   | Reached skill level 10 in Necromancy
 14112 | Lair:1   | Reached ***** piety under Kikubaaqudgha
 14177 | Lair:1   | Reached XP level 12. HP: 82/86 MP: 16/24
 14419 | Lair:1   | Noticed Sonja
 14427 | Lair:1   | Killed Sonja
 14567 | Lair:2   | Learned a level 3 spell: Regeneration
 15586 | Lair:2   | Found a staircase to the Swamp.
 15994 | Lair:3   | Reached skill level 10 in Spellcasting
 17009 | Lair:4   | Found a staircase to the Snake Pit.
 17021 | Lair:4   | Noticed a five-headed hydra
 17034 | Lair:4   | Killed a five-headed hydra
 17771 | Lair:4   | Noticed a death yak
 17771 | Lair:4   | Noticed a death yak
 17806 | Lair:4   | Slain by a death yak

Vault maps used:
D:1:      dpeg_arrival_subterranean_lakeside_camping
D:2:      first_ration, st_stairs_5, minmay_misc_feat_five
D:3:      wad_pebble_path, nrook_mini_backslash, st_stairs_10,
          okawaru_ov_weapons_minmay
D:5:      fiery_altar_vehumet, minmay_temple_entry_statues_fountains,
          serial_shops, nicolae_shop_crystal, nicolae_ru_path_of_blood
D:6:      old_standard_altar, serial_shops, shop
D:7:      serial_shops, nicolae_shop_trees, basic_altar,
          sigmund_edmund_badplayer, uniq_joseph
D:8:      grunt_pizzeria
D:9:      gammafunk_temple_overflow_wave, zombieorc2_lemuel, serial_shops, shop,
          fedhas_altar_3
D:11:     erik_lair_island, basic_altar, eino_tiny_chamber, uniq_erolcha
Temple:   dpeg_five_rooms_temple
Lair:1:   uniq_sonja
Lair:2:   beast_lair_carwin_large_3, nicolae_swamp_entry_splash_gauntlet
Lair:3:   grunt_megastairs_2
Lair:4:   minmay_snake_entry_guardpost_small, grunt_megastairs_4

Skill      XL: |  1  2  3  4  5  6  7  8  9 10 11 12 |
---------------+-------------------------------------+-----
Stealth        | 2 |  2.0
Dodging        | 2 5 |  5.0
Earth Magic    | 3 4 5 7 8 9 10 11 | 11.0
Conjurations   | 1 2 3 4 5 |  5.7
Fighting       | 3 5 6 |  6.0
Necromancy     | 3 6 8 10 11 | 11.8
Spellcasting   | 3 5 7 8 10 | 10.4
Transmutations | |  0.8

Action                   |  1- 3 |  4- 6 |  7- 9 | 10-12 || total
-------------------------+-------+-------+-------+-------++-------
Melee: Mace              |    52 |       |       |       ||    52
       Kick              |     3 |       |       |       ||     3
       Whip              |       |    29 |    12 |       ||    41
       Short sword       |       |       |   124 |   267 ||   391
 Fire: Hunting sling     |       |       |       |    26 ||    26
 Cast: Sandblast         |    50 |    51 |    74 |   122 ||   297
       Stone Arrow       |       |     2 |    66 |   120 ||   188
       Lee's Rapid Decon |       |       |    10 |    59 ||    69
       Animate Skeleton  |       |       |     5 |    44 ||    49
       Sublimation of Bl |       |       |     4 |       ||     4
       Vampiric Draining |       |       |     2 |     5 ||     7
       Petrify           |       |       |       |     8 ||     8
       Agony             |       |       |       |     7 ||     7
       Regeneration      |       |       |       |     3 ||     3
  Use: Scroll            |       |    10 |     3 |    15 ||    28
 Stab: Sleeping          |     2 |     1 |     2 |     3 ||     8
  Eat: Chunk             |     6 |     4 |    23 |    31 ||    64
       Ration            |       |     1 |       |     4 ||     5
Armor: Robe              |    19 |    22 |    79 |   152 ||   272
Dodge: Dodged            |    96 |    39 |   121 |   305 ||   561

Table legend:
 A = Spawn XP
 B = Non-spawn XP
 C = Spawn XP percentage of total XP
 D = Spawn monster count
 E = Non-spawn monster count
 F = Spawn count percentage of total count
 G = Total turns spent on level
                    A         B        C        D         E        F      G
               +---------+---------+-------+---------+---------+-------+---------
         Total |       0 |   34422 |   0.0 |       0 |     381 |   0.0 | 17806
               +---------+---------+-------+---------+---------+-------+---------
           D:1 |       0 |      26 |   0.0 |       0 |      16 |   0.0 |  1128
           D:2 |       0 |      47 |   0.0 |       0 |      18 |   0.0 |  1234
           D:3 |       0 |     112 |   0.0 |       0 |      11 |   0.0 |  1544
           D:4 |       0 |     736 |   0.0 |       0 |      30 |   0.0 |  1485
           D:5 |       0 |     556 |   0.0 |       0 |      19 |   0.0 |  1051
           D:6 |       0 |    1358 |   0.0 |       0 |      36 |   0.0 |  1317
           D:7 |       0 |    2170 |   0.0 |       0 |      23 |   0.0 |  1659
           D:8 |       0 |    2374 |   0.0 |       0 |      31 |   0.0 |  1033
           D:9 |       0 |    2623 |   0.0 |       0 |      48 |   0.0 |  1142
          D:10 |       0 |    2463 |   0.0 |       0 |      20 |   0.0 |   905
          D:11 |       0 |    7804 |   0.0 |       0 |      55 |   0.0 |  1353
        Lair:1 |       0 |    3309 |   0.0 |       0 |      14 |   0.0 |   550
        Lair:2 |       0 |    5050 |   0.0 |       0 |      35 |   0.0 |  1435
        Lair:3 |       0 |    2833 |   0.0 |       0 |      12 |   0.0 |   931
        Lair:4 |       0 |    2961 |   0.0 |       0 |      13 |   0.0 |   903
               +---------+---------+-------+---------+---------+-------+---------
